 Dungeon Crawl Stone Soup version 0.28.0-53-g5a82cb258f (webtiles) character file.

Game seed: 2896289208686582210

4 Descartes the Charlatan (level 1, 0/10 HPs)
             Began as a Felid Wanderer on July 9, 2022.
             Slain by a jackal (2 damage)
             ... on level 1 of the Dungeon.
             The game lasted 00:00:28 (469 turns).

Descartes the Charlatan (Felid Wanderer)             Turns: 469, Time: 00:00:29

Health: 0/10       AC:  1    Str:  9    XL:     1   Next: 58%
Magic:  2/2        EV: 16    Int:  9    God:
Gold:   13         SH:  0    Dex: 18    Spells: 0/0 levels left
                                        Lives:  0   Deaths: 0

rFire   . . .      SeeInvis +   (weapon unavailable)
rCold   . . .      Faith    .   (shield unavailable)
rNeg    . . .      Spirit   .   (armour unavailable)
rPois   .          Reflect  .   (helmet unavailable)
rElec   .          Harm     .   (cloak unavailable)
rCorr   .          Rampage  .   (gloves unavailable)
Will    .....                   (boots unavailable)
Stlth   +++.......              (no amulet)
HPRegen 0.03/turn               (no ring)
MPRegen 0.08/turn               (no ring)

@: quick
A: very small, claws 1, fangs 3, see invisible, speed 1, shaggy fur 1, stealthy
paws, no weapons or thrown items, no armour, multi-lived
a: no special abilities


You were on level 1 of the Dungeon.
You visited 1 branch of the dungeon, and saw 1 of its levels.

You collected 13 gold pieces.

Inventory:

Scrolls
 b - a scroll of teleportation {unknown}
 c - a scroll of identify {unknown}
Potions
 a - a potion of attraction


   Skills:
 - Level 3.0 Fighting
 + Level 1.4 Dodging
 * Level 3.3 Stealth
 + Level 0.1 Unarmed Combat
 - Level 4.3 Evocations


You couldn't memorise any spells.
You didn't know any spells.
Your spell library was empty.

Dungeon Overview and Level Annotations

Branches:
Dungeon (1/15)

Altars:


Innate Abilities, Weirdness & Mutations

You have sharp claws.
You have razor-sharp teeth.
You have supernaturally acute eyesight. (SInv)
You cover ground quickly. (Speed+)
You are covered in fur. (AC +1)
Your paws help you pounce on unaware monsters.
You are incapable of wielding weapons or throwing items.
You cannot wear armour.
You gain extra lives every three experience levels.


Message History

You scratch the quokka.
The quokka is severely wounded.
The quokka closely misses you.
You barely miss the quokka. You bite the quokka.
You kill the quokka!
Found a stone staircase leading down.
c - a scroll labelled LUAH TIXIDO
Found a pair of boots.
A frilled lizard comes into view.
A jackal comes into view.
The jackal barks!
You hear a bark!
A jackal comes into view.
A kobold comes into view. It is wielding a +0 short sword.
Found a fizzy white potion.
The frilled lizard hisses angrily.
The jackal bites you.
You completely miss the jackal.
The kobold shouts!
You bite the jackal.
The jackal is moderately wounded.
The jackal bites you.
You are too injured to fight recklessly!
You are too injured to fight recklessly!
You are too injured to fight recklessly!
You are too injured to fight recklessly!
You are too injured to fight recklessly!
You are too injured to fight recklessly!
You are too injured to fight recklessly!
You are too injured to fight recklessly!
You are too injured to fight recklessly!
You are too injured to fight recklessly!
You are too injured to fight recklessly!
You are too injured to fight recklessly!
You are too injured to fight recklessly!
The jackal bites you.
* * * LOW HITPOINT WARNING * * *
You closely miss the jackal.
The jackal is moderately wounded.
The jackal barely misses you. The jackal bites you.
You die...

#..... #........#### #.....#
#...........# #.....#
#...........#
###.....###...........#
#.......##............# ##
##.......##......##....####... .
............(....##.............
.................##......##.....
...............@..............>.
.........#.#####hh......##......
.......#.#...# #........# .....
.......#.....# #..(.....+ ....
...######....# #..l.....# ... ..
#....# #.)K.###### ## # #....#
#...$.....#+#### #..###
##.:.[.......... #####..#
#..............


You could see 2 jackals, a kobold and a frilled lizard.

Vanquished Creatures
  A giant cockroach (D:1)
  A hobgoblin (D:1)
  A quokka (D:1)
  A bat (D:1)
4 creatures vanquished.

Notes
Turn   | Place    | Note
-------+----------+-------------------------------------------
     0 | D:1      | Descartes the Felid Wanderer began the quest for the Orb.
     0 | D:1      | Descartes set off with the following items: a potion of
                  | attraction
     0 | D:1      | Reached XP level 1. HP: 10/10 MP: 2/2
     0 | D:1      | Noticed an iron dragon
     0 | D:1      | Noticed a shadow dragon
     1 | D:1      | Noticed a tentacled monstrosity
     1 | D:1      | Noticed an ice dragon
     4 | D:1      | Noticed an iron dragon
     7 | D:1      | Noticed a large abomination
     8 | D:1      | Noticed an ice dragon
     9 | D:1      | Noticed a red draconian
    11 | D:1      | Noticed an ice dragon
    11 | D:1      | Noticed a red draconian
    13 | D:1      | Noticed a large abomination
    13 | D:1      | Noticed a tentacled monstrosity
    15 | D:1      | Noticed a tentacled monstrosity
    15 | D:1      | Noticed a large abomination
    17 | D:1      | Noticed an orb of fire
    17 | D:1      | Noticed an orb of fire
    19 | D:1      | Noticed an orb of fire
    21 | D:1      | Noticed an orb of fire
   469 | D:1      | Slain by a jackal

Illustrated notes

Levels and vault maps discovered:
D:1:      shiori_arrival_whats_in_store_for_you, layout_basic

Skill      XL: |  1 |
---------------+----+-----
Stealth        | 3 |  3.3
Fighting       | |  3.0
Dodging        | |  1.4
Unarmed Combat | |  0.1
Evocations     | |  4.3

Action                   || total
-------------------------++-------
Melee: Unarmed           ||    14
       Bite              ||     5
Armor: Skin              ||     1
Dodge: Dodged            ||     8
